 Dungeon Crawl Stone Soup version 0.31-a0-1405-g2bb1a01664 (webtiles) character file.

Game seed: 694719333341537279

49 thriggle the Changeling (level 3, 0/24 HPs)
             Began as an Octopode Shapeshifter on Dec 26, 2023.
             Slain by a quokka (4 damage)
             ... on level 2 of the Dungeon.
             The game lasted 00:05:03 (1040 turns).

thriggle the Changeling (Octopode Shapeshifter)     Turns: 1040, Time: 00:05:05

Health: 0/24       AC:  1    Str: 15    XL:     3   Next: 77%
Magic:  3/3        EV: 13    Int: 12    God:
Gold:   63         SH:  0    Dex: 11    Spells: 2/2 levels left

rFire   . .          .
                       - Unarmed
rCold   . . .        (no shield)
rNeg    . . .        (helmet currently unavailable)
rPois   .            (no amulet)
rElec   .            i - ring of resist corrosion
rCorr   +            (no ring)
SInv    .            (no ring)
Will    .....        (no ring)
Stlth   ++           (no ring)
HPRegen 0.24/turn    (no ring)
MPRegen 0.08/turn    (no ring)
                     (no ring)

%: no passive effects
@: lethally poisoned (0 -> -3), beast-form
A: beast (slay +1), almost no armour, amphibious, 8 rings, camouflage 1,
gelatinous body 1, (nimble swimmer 1), tentacles
a: Begin Untransformation


You were on level 2 of the Dungeon.
You were a hulking beast.
You visited 1 branch of the dungeon, and saw 2 of its levels.

You collected 63 gold pieces.

Inventory:

Hand Weapons
 e - a +0 spear
 g - a +0 dagger
Missiles
 l - 21 stones
Jewellery
 i - a ring of resist corrosion (left tentacle)
Talismans
 b - a beast talisman
 c - a flux talisman
Scrolls
 d - 2 scrolls of noise {unknown}
 h - 3 scrolls of identify {unknown}
 j - a scroll of enchant weapon {unknown}
 m - a scroll of summoning {unknown}
 n - a scroll of fear {unknown}
Potions
 a - a potion of lignification
 k - 2 potions of heal wounds {unknown}
 o - a potion of berserk rage {unknown}


   Skills:
 + Level 1.9 Fighting
 + Level 2.5 Dodging
 + Level 1.0 Stealth
 + Level 3.2 Unarmed Combat
 + Level 0.4 Spellcasting
 * Level 3.3 Shapeshifting


You had 2 spell levels left.
You didn't know any spells.
Your spell library was empty.

Dungeon Overview and Level Annotations

Branches:
Dungeon (2/15)

Altars:

Annotations:
D:2 Terence


Innate Abilities, Weirdness & Mutations

You are a hulking beast.
Your limbs bulge with bestial killing power. (Slay +1)
You cannot wear most types of armour.
You are amphibious.
You can wear up to eight rings at the same time.
Your skin changes colour to match your surroundings (Stealth+).
Your rubbery body absorbs attacks. (AC +1, EV +1)
((You are camouflaged when in or above water. (Stealth+)))
You have tentacles for arms and can constrict up to eight enemies at once.


Message History

The hobgoblin is moderately wounded.
You constrict the hobgoblin. The bat closely misses you.
The hobgoblin hits you.
You completely miss the adder. Your grab misses the adder.
You constrict the hobgoblin.
You kill the hobgoblin!
The adder bites you. The adder closely misses you.
You tentacle-slap the adder. Your grab misses the adder.
The adder is moderately wounded.
The bat barely misses you. The adder bites you.
You miss the adder. Your grab misses the adder.
The adder is moderately wounded.
The adder completely misses you. The bat misses you.
You tentacle-slap the adder. You grab the adder. You squeeze the adder.
The adder is heavily wounded.
You constrict the adder. The bat closely misses you. The bat hits you.
The adder barely misses you. The bat closely misses you. The quokka bites you.
You tentacle-slap the bat.
You kill the bat!
You constrict the adder. The adder barely misses you.
The quokka barely misses you. The adder bites you.
* * * LOW HITPOINT WARNING * * *
You are poisoned.
The adder poisons you!
You release your grip on the adder.
You feel sick.
The quokka twitches its whiskers.
The hobgoblin hits you.
* * * LOW HITPOINT WARNING * * *
It was a potion of curing.
You feel better. The quokka misses you. The hobgoblin closely misses you.
The adder bites you.
You are poisoned.
The adder poisons you! The adder barely misses you.
You barely miss the adder. Your grab misses the adder.
The adder is severely wounded.
You feel sick. The quokka bites you. The adder misses you.
The hobgoblin hits you.
* * * LOW HITPOINT WARNING * * *
The quokka bites you.
You die...

#...#................... #
#.................)...
#.##.#...............†..
###.#.................[...
..........................
..........................
.................##.......
........g.#......##.......
..>...#rrh..##### #.......
........S#### ##......
........## ##.....
........# ###### ........#
........# ........#
#########


You could see an adder, a quokka, a hobgoblin and a rat.

Vanquished Creatures
  A worm (D:2)
  2 dart slugs (D:1)
  2 ball pythons (D:1)
  4 bats
  3 endoplasms (D:1)
  A giant cockroach (D:1)
  4 goblins
  6 hobgoblins
  2 quokkas (D:1)
  2 frilled lizards
  6 kobolds
  6 rats
39 creatures vanquished.

Notes
Turn   | Place    | Note
-------+----------+-------------------------------------------
     0 | D:1      | thriggle the Octopode Shapeshifter began the quest for the
                  | Orb.
     0 | D:1      | Reached XP level 1. HP: 13/13 MP: 1/1
    91 | D:1      | Reached XP level 2. HP: 18/18 MP: 2/2
   295 | D:1      | Reached XP level 3. HP: 22/23 MP: 3/3
   831 | D:2      | Noticed Terence
   905 | D:2      | Reached skill level 1 in Stealth
  1037 | D:2      | HP: 1/24 [hobgoblin (5)]
  1040 | D:2      | Slain by a quokka

Illustrated notes

Levels and vault maps discovered:
D:1:      roadster_arrival_rocket_large, layout_rooms
D:2:      layout_rooms, basic_altar, minmay_worlds_worst_comb, uniq_sigmund,
          uniq_terence

Skill      XL: |  1  2  3 |
---------------+----------+-----
Stealth        | 1 |  1.0
Fighting       | |  1.9
Dodging        | |  2.5
Unarmed Combat | |  3.2
Spellcasting   | |  0.4
Shapeshifting  | |  3.3

Action                     || total
---------------------------++-------
  Melee: Unarmed           ||   217
         Constrict         ||    22
         Tentacles         ||    67
         Punch             ||     3
    Use: Potion            ||     1
   Stab: Sleeping          ||     1
 Armour: Skin              ||    34
  Dodge: Dodged            ||    50

Table legend: (Time is in decaauts)
 A = Elapsed time spent in this place.
 B = Non-inter-level travel time spent in this place.
 C = Inter-level travel time spent in this place.
 D = Time resting spent in this place.
 E = Time spent auto-exploring this place.
 F = Levels seen in this place.
 G = Mean time per level.
                   A        B        C        D        E       F      G
               +--------+--------+--------+--------+--------+-----+--------+
         Total |   1027 |    931 |     96 |      8 |    348 |   2 |  513.5 |
       Dungeon |   1027 |    931 |     96 |      8 |    348 |   2 |  513.5 |
               +--------+--------+--------+--------+--------+-----+--------+

Top non-repeatable levels by time:
     D:1: 861 daAuts
     D:2: 165 daAuts
